 Dungeon Crawl Stone Soup version 0.29-a0-369-gd956c00756 (webtiles) character file.

Game seed: 13885343204674568693

73 YayAnonymity the Cudgeller (level 4, -4/40 HPs)
             Began as a Minotaur Fighter on May 2, 2022.
             Slain by Grinder (6 damage)
             ... on level 3 of the Dungeon.
             The game lasted 00:02:00 (1662 turns).

YayAnonymity the Cudgeller (Minotaur Fighter)       Turns: 1662, Time: 00:02:00

Health: -4/40      AC:  9    Str: 23    XL:     4   Next: 8%
Magic:  3/3        EV:  7    Int:  5    God:
Gold:   146        SH:  4    Dex:  9    Spells: 3/3 levels left

rFire   . . .      SeeInvis .   a - +0 flail
rCold   . . .      Faith    .   c - +0 buckler
rNeg    . . .      Spirit   .   i - +0 chain mail
rPois   .          Reflect  .   (helmet restricted)
rElec   .          Harm     .   (no cloak)
rCorr   .          Rampage  .   (no gloves)
Will    .....                   (no boots)
Stlth   ..........              (no amulet)
HPRegen 0.13/turn               (no ring)
MPRegen 0.08/turn               (no ring)

@: mighty
A: horns 2, retaliatory headbutt
a: no special abilities


You were on level 3 of the Dungeon.
You visited 1 branch of the dungeon, and saw 3 of its levels.

You collected 146 gold pieces.

Inventory:

Hand Weapons
 a - a +0 flail (weapon)
Armour
 c - a +0 buckler (worn)
 i - a +0 chain mail (worn)
Scrolls
 b - a scroll of fog {unknown}
 e - 8 scrolls of identify {unknown}
 g - a scroll of fear {unknown}
 j - a scroll of vulnerability {unknown}
 l - a scroll of enchant armour {unknown}
 o - a scroll of noise {unknown}
Potions
 f - a potion of mutation {unknown}
 h - 2 potions of degeneration {unknown}
 k - a potion of flight {unknown}
 m - a potion of resistance {unknown}
 n - a potion of attraction {unknown}
 p - 3 potions of heal wounds {unknown}
 q - a potion of magic {unknown}
 r - 2 potions of lignification {unknown}


   Skills:
 - Level 4.0 Fighting
 * Level 4.8 Maces & Flails
 - Level 4.0 Armour
 - Level 3.6 Shields


You had 3 spell levels left.
You didn't know any spells.
Your spell library contained the following spells:

 Spells                   Type           Power      Damage    Failure   Level
 Blink                    Tloc           0%         N/A       100%        2
 Ensorcelled Hibernation  Hex/Ice        0%         N/A       100%        2
 Static Discharge         Conj/Air       0%         N/A       100%        2
 Conjure Flame            Conj/Fire      0%         6-21      100%        3
 Ignite Poison            Fire/Tmut/Pois 0%         N/A       100%        3
 Inner Flame              Hex/Fire       0%         N/A       100%        3
 Spider Form              Tmut/Pois      0%         N/A       100%        3
 Anguish                  Hex/Necr       0%         N/A       100%        4
 Cause Fear               Hex            0%         N/A       100%        4
 Dispel Undead            Necr           0%         3d6       100%        4
 Sticky Flame             Conj/Fire      0%         2d3       100%        4
 Manifold Assault         Tloc           0%         N/A       100%        5
 Storm Form               Tmut/Air       0%         N/A       100%        7
 Discord                  Hex            0%         N/A       100%        8


Dungeon Overview and Level Annotations

Branches:
Dungeon (3/15)

Altars:

Annotations:
D:3 Grinder


Innate Abilities, Weirdness & Mutations

You have a pair of horns on your head.
You reflexively headbutt those who attack you in melee.


Message History

You closely miss the ball python.
You headbutt the ball python, but do no damage.
The ball python bites you. You block the ball python's attack.
You sock the ball python!
You kill the ball python!
The giant cockroach bites you but does no damage.
Grinder blinks!
Sorry, you're not good enough to have a special ability.
You sock the adder!
You kill the adder!
The giant cockroach bites you but does no damage.
You have reached level 4!
You feel stronger.
You sock the giant cockroach!
You kill the giant cockroach!
You see here a giant cockroach corpse.
Grinder gestures at you. Pain shoots through your body!
You feel very mighty all of a sudden. Grinder gestures at you.
You suddenly lose the ability to move!
Grinder hits you but does no damage. Grinder hits you!
You writhe in agony.
You can move again.
Unknown command.
You barely miss Grinder. Grinder hits you but does no damage.
You closely miss Grinder. Your headbutt misses Grinder.
Grinder hits you but does no damage.
You sock Grinder!
Grinder is moderately wounded.
Grinder barely misses you. Grinder hits you.
* * * LOW HITPOINT WARNING * * *
You writhe in agony.
* * * LOW HITPOINT WARNING * * *
You hit Grinder. Your headbutt misses Grinder.
Grinder is heavily wounded.
Grinder hits you.
* * * LOW HITPOINT WARNING * * *
You writhe in agony.
You die...

........##....
#.................##....
#.................##....
#.......#..........####
##......................
........................
........................
........................
.....$5@.†..............
.....###.†..##..........
... .###....##..........
. ........##†.........
.....................
.....................
..######........#.... .#
###......#....
###.........


You could see Grinder.

Vanquished Creatures
  2 adders
  2 dart slugs (D:1)
  7 bats
  2 endoplasms
  3 giant cockroaches
  6 goblins
  6 hobgoblins
  4 jackals (D:3)
  2 quokkas (D:1)
  6 ball pythons
  2 kobolds (D:1)
  4 rats
46 creatures vanquished.

Notes
Turn   | Place    | Note
-------+----------+-------------------------------------------
     0 | D:1      | YayAnonymity the Minotaur Fighter began the quest for the
                  | Orb.
     0 | D:1      | Reached XP level 1. HP: 19/19 MP: 0/0
   105 | D:1      | Reached XP level 2. HP: 26/27 MP: 1/1
   595 | D:1      | Reached XP level 3. HP: 33/33 MP: 2/2
  1509 | D:3      | Found a faded altar of an unknown god.
  1645 | D:3      | Noticed Grinder
  1652 | D:3      | Reached XP level 4. HP: 38/40 MP: 3/3
  1656 | D:3      | Paralysed by Grinder for 3 turns
  1662 | D:3      | HP: 2/40 [Grinder (4)]
  1662 | D:3      | Slain by Grinder

Illustrated notes

Levels and vault maps discovered:
D:1:      spicycebolla_arrival_xxxplode, layout_rooms, serial_curves,
          eino_curves_04, eino_curves_03
D:2:      layout_basic
D:3:      layout_basic, hellmonk_ecumenical_altar_heavens_door, uniq_grinder

Skill      XL: |  1  2  3 |
---------------+----------+-----
Maces & Flails | 3 4 |  4.8
Fighting       | 4 |  4.0
Armour         | 4 |  4.0
Shields        | |  3.6

Action                   |  1- 3 |  4- 6 || total
-------------------------+-------+-------++-------
Melee: Flail             |    80 |     5 ||    85
       Headbutt          |    11 |       ||    11
  Use: Potion            |       |     1 ||     1
Armor: Scale mail        |    14 |       ||    14
       Chain mail        |    31 |     3 ||    34
Dodge: Dodged            |    20 |     1 ||    21
Block: Buckler           |    22 |       ||    22

Table legend: (Time is in decaauts)
 A = Elapsed time spent in this place.
 B = Non-inter-level travel time spent in this place.
 C = Inter-level travel time spent in this place.
 D = Time resting spent in this place.
 E = Time spent auto-exploring this place.
 F = Levels seen in this place.
 G = Mean time per level.
                   A        B        C        D        E       F      G
               +--------+--------+--------+--------+--------+-----+--------+
         Total |   1686 |   1665 |     21 |      0 |   1385 |   3 |  562.0 |
       Dungeon |   1686 |   1665 |     21 |      0 |   1385 |   3 |  562.0 |
               +--------+--------+--------+--------+--------+-----+--------+

Top non-repeatable levels by time:
     D:2: 717 daAuts
     D:1: 683 daAuts
     D:3: 285 daAuts
